[Event "Hunan Belt and Road Open 2019"]
[Site "Hunan"]
[Date "2019.07.29"]
[Round "1.10"]
[White "Xu, Jun"]
[Black "Najer, Evgeniy"]
[Result "1/2-1/2"]
[ECO "D47"]
[WhiteElo "2477"]
[BlackElo "2678"]
[Annotator "ChessBase"]
[PlyCount "72"]
[EventDate "2019.07.29"]
[EventType "swiss"]
[EventCountry "CHN"]
[SourceTitle "playchess.com"]
[Source "ChessBase"]
[SourceQuality "1"]
[TimeControl "5400+30"]

1. d4 d5 2. c4 c6 3. Nc3 Nf6 4. e3 e6 5. Nf3 Nbd7 6. Bd3 dxc4 7. Bxc4 b5 8. Be2 Bb7 9. O-O Be7 10. e4 b4 11. e5 bxc3 12. exf6 Bxf6 13. bxc3 c5 14. dxc5 O-O 15. Ba3 Be7 16. Qd4 Qc7 17. Rab1 Bd5 18. c4 Bc6 19. Qe3 e5 20. Nd2 f5 21. f4 Rae8 22. Bh5 g6 23. Bf3 Bxf3 24. Nxf3 exf4 25. Qe6+ Kg7 26. Qd5 Bxc5+ 27. Bxc5 Qxc5+ 28. Nd4 Re4 29. Rfd1 Rf7 30. Rb7 Qxd5 31. cxd5 Ne5 32. Rb5 f3 33. d6 Kf6 34. Nxf3 Rd7 35. Nxe5 Rxe5 36. Rb2 Ke6 1/2-1/2

[Event "Hunan Belt and Road Open 2019"]
[Site "Hunan"]
[Date "2019.07.29"]
[Round "1.11"]
[White "Cheparinov, Ivan"]
[Black "Fang, Yuxiang"]
[Result "1-0"]
[ECO "D15"]
[WhiteElo "2666"]
[BlackElo "2476"]
[Annotator "ChessBase"]
[PlyCount "83"]
[EventDate "2019.07.29"]
[EventType "swiss"]
[EventCountry "CHN"]
[SourceTitle "playchess.com"]
[Source "ChessBase"]
[SourceQuality "1"]
[TimeControl "5400+30"]

1. d4 d5 2. c4 c6 3. Nf3 Nf6 4. Nc3 a6 5. c5 Bf5 6. Qb3 Ra7 7. Nh4 Bg6 8. Bg5 Nbd7 9. Nxg6 hxg6 10. e4 dxe4 11. g3 e6 12. Bg2 Be7 13. O-O O-O 14. Rac1 Nd5 15. Bxe7 Nxe7 16. Nxe4 Nf5 17. Rfd1 Nf6 18. Ng5 Nd5 19. h4 Qd7 20. Nf3 Qc7 21. Rd2 Rb8 22. Rdc2 a5 23. Qa4 Nb4 24. Rd2 b6 25. cxb6 Rxb6 26. Rc5 Rb5 27. Rxb5 cxb5 28. Qxb5 Nd6 29. Qa4 Qc4 30. a3 Nd5 31. Qxc4 Nxc4 32. Rc2 Ncb6 33. Ne5 Rc7 34. Rc5 a4 35. Bxd5 Nxd5 36. Rxc7 Nxc7 37. Kf1 Nb5 38. Nc6 f6 39. Ke2 Kf7 40. Kd3 Ke8 41. Nb4 Kd7 42. Na2 1-0

[Event "Hunan Belt and Road Open 2019"]
[Site "Hunan"]
[Date "2019.07.29"]
[Round "1.12"]
[White "Wang, Chen"]
[Black "Adhiban, B.."]
[Result "1-0"]
[ECO "B51"]
[WhiteElo "2476"]
[BlackElo "2665"]
[Annotator "ChessBase"]
[PlyCount "73"]
[EventDate "2019.07.29"]
[EventType "swiss"]
[EventCountry "CHN"]
[SourceTitle "playchess.com"]
[Source "ChessBase"]
[SourceQuality "1"]
[TimeControl "5400+30"]

1. e4 c5 2. Nf3 d6 3. Bb5+ Nd7 4. c3 Ngf6 5. Qe2 a6 6. Ba4 b5 7. Bc2 Bb7 8. O-O c4 9. b3 Rc8 10. bxc4 bxc4 11. Na3 Nc5 12. Nxc4 Bxe4 13. d3 Bg6 14. Ba3 e6 15. Bxc5 Rxc5 16. Ba4+ Ke7 17. Nd4 Qc7 18. Rfe1 Be4 19. Nxd6 Bd5 20. c4 g6 21. Nxf7 Kxf7 22. cxd5 Qf4 23. dxe6+ Kg7 24. Qe3 Qxe3 25. fxe3 Be7 26. Rac1 Rxc1 27. Rxc1 Nd5 28. Rf1 Bf6 29. Nc2 Rc8 30. Bb3 Nb6 31. Nb4 a5 32. Nd5 Nxd5 33. Bxd5 Rc7 34. Rb1 Bg5 35. Kf2 Kf6 36. Kf3 Rc5 37. Bc4 1-0

[Event "Hunan Belt and Road Open 2019"]
[Site "Hunan"]
[Date "2019.07.29"]
[Round "1.13"]
[White "Motylev, Alexander"]
[Black "Peng, Xiongjian"]
[Result "1/2-1/2"]
[ECO "C78"]
[WhiteElo "2654"]
[BlackElo "2467"]
[Annotator "ChessBase"]
[PlyCount "59"]
[EventDate "2019.07.29"]
[EventType "swiss"]
[EventCountry "CHN"]
[SourceTitle "playchess.com"]
[Source "ChessBase"]
[SourceQuality "1"]
[TimeControl "5400+30"]

1. e4 e5 2. Nf3 Nc6 3. Bb5 a6 4. Ba4 Nf6 5. O-O Bc5 6. c3 b5 7. Bc2 d5 8. d4 dxe4 9. Nxe5 Nxe5 10. dxc5 Bg4 11. Qxd8+ Rxd8 12. Bf4 Rd5 13. Nd2 Be2 14. Rfe1 Nd3 15. Bxd3 exd3 16. b4 Kd7 17. a4 g5 18. Bxc7 Re8 19. f3 Kxc7 20. axb5 axb5 21. Ra7+ Kb8 22. Rea1 Rd7 23. R7a6 Re6 24. Ra8+ Kc7 25. c4 Re8 26. R1a7+ Kc6 27. Ra6+ Kc7 28. R6a7+ Kc6 29. Ra6+ Kc7 30. R6a7+ 1/2-1/2

[Event "Hunan Belt and Road Open 2019"]
[Site "Hunan"]
[Date "2019.07.29"]
[Round "1.14"]
[White "Yu, Ruiyuan"]
[Black "Lupulescu, Constantin"]
[Result "1/2-1/2"]
[ECO "C07"]
[WhiteElo "2464"]
[BlackElo "2649"]
[Annotator "ChessBase"]
[PlyCount "59"]
[EventDate "2019.07.29"]
[EventType "swiss"]
[EventCountry "CHN"]
[SourceTitle "playchess.com"]
[Source "ChessBase"]
[SourceQuality "1"]
[TimeControl "5400+30"]

1. e4 e6 2. d4 d5 3. Nd2 c5 4. exd5 Qxd5 5. Ngf3 cxd4 6. Bc4 Qd7 7. O-O Nc6 8. Nb3 a6 9. Nbxd4 Nxd4 10. Nxd4 Qc7 11. Bb3 Bd6 12. Re1 Nf6 13. Nf5 Bxh2+ 14. Kh1 O-O 15. Nxg7 Rd8 16. Qf3 Kxg7 17. Bh6+ Kg6 18. c3 Nh5 19. Bc1 Bf4 20. g4 Ng3+ 21. fxg3 Bxc1 22. Raxc1 b6 23. Bc2+ Kg7 24. Be4 Rb8 25. Rc2 Bb7 26. Rh2 Bxe4 27. Qxe4 Qb7 28. Rxh7+ Kg8 29. Qxb7 Rxb7 30. Rh2 1/2-1/2

[Event "Hunan Belt and Road Open 2019"]
[Site "Hunan"]
[Date "2019.07.29"]
[Round "1.15"]
[White "Ganguly, Surya Shekhar"]
[Black "Taher, Yoseph Theolifus"]
[Result "1-0"]
[ECO "B38"]
[WhiteElo "2638"]
[BlackElo "2460"]
[Annotator "ChessBase"]
[PlyCount "139"]
[EventDate "2019.07.29"]
[EventType "swiss"]
[EventCountry "CHN"]
[SourceTitle "playchess.com"]
[Source "ChessBase"]
[SourceQuality "1"]
[TimeControl "5400+30"]

1. c4 c5 2. Nf3 Nc6 3. d4 cxd4 4. Nxd4 g6 5. e4 Bg7 6. Be3 Nf6 7. Nc3 O-O 8. Be2 d6 9. O-O a5 10. Ndb5 Nd7 11. Qd2 Nc5 12. Rad1 a4 13. f4 Qa5 14. e5 Rd8 15. Nd5 Qxd2 16. Rxd2 Ne4 17. Rdd1 dxe5 18. Nxe7+ Kf8 19. Rxd8+ Nxd8 20. Nc7 Rb8 21. Ba7 Kxe7 22. Nd5+ Ke8 23. Bxb8 exf4 24. Bxf4 Bxb2 25. Re1 Ne6 26. Bf3 N4c5 27. Be3 Nd3 28. Re2 a3 29. Nb6 Nb4 30. Nxc8 Nxa2 31. Nd6+ Kf8 32. Nb5 Nb4 33. Rxb2 axb2 34. Be4 f5 35. Bb1 Nc6 36. Na3 Ke7 37. Kf1 Kd6 38. Ke1 Ke5 39. Kd2 Nf4 40. g3 Ne6 41. Kc3 Ncd4 42. Bf4+ Kf6 43. Bd6 Nf3 44. h4 h6 45. Kxb2 g5 46. hxg5+ Kxg5 47. c5 Nd2 48. Ba2 Kf6 49. Bd5 Ne4 50. Bxe4 fxe4 51. Nc4 Kg5 52. Ne3 h5 53. Kc3 h4 54. Be7+ Kh5 55. gxh4 Nxc5 56. Bxc5 Kxh4 57. Kd4 b6 58. Bb4 b5 59. Kxe4 Kg5 60. Nd5 Kg4 61. Bd6 b4 62. Nxb4 Kg5 63. Nd5 Kg6 64. Kf4 Kg7 65. Kg5 Kf7 66. Nc7 Kg7 67. Be7 Kf7 68. Bf6 Kf8 69. Kg6 Kg8 70. Be7 1-0

[Event "Hunan Belt and Road Open 2019"]
[Site "Hunan"]
[Date "2019.07.29"]
[Round "1.16"]
[White "Li, Shilong"]
[Black "Parligras, Mircea-Emilian"]
[Result "0-1"]
[ECO "D39"]
[WhiteElo "2457"]
[BlackElo "2638"]
[Annotator "ChessBase"]
[PlyCount "128"]
[EventDate "2019.07.29"]
[EventType "swiss"]
[EventCountry "CHN"]
[SourceTitle "playchess.com"]
[Source "ChessBase"]
[SourceQuality "1"]
[TimeControl "5400+30"]

1. d4 Nf6 2. c4 e6 3. Nf3 d5 4. Nc3 Bb4 5. Bg5 dxc4 6. e4 h6 7. Bxf6 Qxf6 8. Bxc4 c5 9. O-O cxd4 10. e5 Qd8 11. Ne4 O-O 12. Qe2 Be7 13. Rad1 Qc7 14. Ng3 Rd8 15. Nxd4 Bd7 16. Nh5 Bf8 17. Bd3 Bc6 18. Bb1 Qe7 19. Rd3 Qh4 20. Rfd1 Ba4 21. b3 Nc6 22. Nxc6 Bxc6 23. Rxd8 Rxd8 24. Nf6+ gxf6 25. Rxd8 Qg5 26. f4 Qxf4 27. exf6 Qxf6 28. Qc2 Qg7 29. g3 f5 30. Qc5 Qf6 31. Qd6 Kg7 32. Qc7+ Kg6 33. g4 Qb2 34. gxf5+ Kh5 35. Bc2 Qxc2 36. Qf7+ Kh4 37. Rd4+ Be4 38. Rxe4+ Qxe4 39. Qxf8 Qb1+ 40. Kg2 Qxa2+ 41. Kg1 Qb1+ 42. Kg2 Qe4+ 43. Kg1 Qg4+ 44. Kh1 Qd1+ 45. Kg2 Qc2+ 46. Kg1 Qc1+ 47. Kf2 Qf4+ 48. Ke1 exf5 49. Kd1 Kh3 50. Qf7 Kxh2 51. Kc2 Qf3 52. Kb2 h5 53. Qe7 f4 54. Ka3 a6 55. Qg5 Qg4 56. Qc5 f3 57. Qf2+ Kh3 58. Qf1+ Qg2 59. Qd3 h4 60. Qd7+ Kh2 61. Qc7+ Qg3 62. Qxb7 f2 63. Qxa6 Kg1 64. Qb6 h3 0-1

[Event "Hunan Belt and Road Open 2019"]
[Site "Hunan"]
[Date "2019.07.29"]
[Round "1.17"]
[White "Nguyen, Ngoc Truong Son"]
[Black "Zhu, Jiner"]
[Result "1-0"]
[ECO "C91"]
[WhiteElo "2636"]
[BlackElo "2454"]
[Annotator "ChessBase"]
[PlyCount "109"]
[EventDate "2019.07.29"]
[EventType "swiss"]
[EventCountry "CHN"]
[SourceTitle "playchess.com"]
[Source "ChessBase"]
[SourceQuality "1"]
[TimeControl "5400+30"]

1. e4 e5 2. Nf3 Nc6 3. Bb5 a6 4. Ba4 Nf6 5. O-O Be7 6. Re1 b5 7. Bb3 O-O 8. c3 d6 9. d4 exd4 10. cxd4 Bg4 11. Nc3 Na5 12. Bc2 c5 13. dxc5 dxc5 14. h3 Qxd1 15. Rxd1 Bxf3 16. gxf3 Rfd8 17. e5 Rxd1+ 18. Bxd1 Nd7 19. Nd5 Bd8 20. f4 Nb6 21. Bf3 Rc8 22. Kg2 Nc6 23. Be3 Nc4 24. Bg4 Nxe3+ 25. fxe3 Rb8 26. Rc1 c4 27. b3 Na5 28. bxc4 Nxc4 29. Be2 Rc8 30. Bxc4 bxc4 31. Kf3 f5 32. e4 fxe4+ 33. Kxe4 g6 34. Rc3 Kf7 35. Ne3 Ke6 36. Rxc4 Rxc4+ 37. Nxc4 Be7 38. Nd2 h6 39. Nb3 Bb4 40. Nd4+ Kf7 41. f5 gxf5+ 42. Kxf5 Bd2 43. Nc6 a5 44. a4 Bc3 45. h4 Be1 46. h5 Bc3 47. Ke4 Ke6 48. Nd4+ Kf7 49. Kd5 Bb2 50. Nc6 Bc3 51. Kd6 Ke8 52. Ke6 Bd2 53. Nd4 Be3 54. Nf5 Bf4 55. Nd6+ 1-0

[Event "Hunan Belt and Road Open 2019"]
[Site "Hunan"]
[Date "2019.07.29"]
[Round "1.18"]
[White "Liu, Guanchu"]
[Black "Zhao, Jun"]
[Result "0-1"]
[ECO "A46"]
[WhiteElo "2449"]
[BlackElo "2636"]
[Annotator "ChessBase"]
[PlyCount "82"]
[EventDate "2019.07.29"]
[EventType "swiss"]
[EventCountry "CHN"]
[SourceTitle "playchess.com"]
[Source "ChessBase"]
[SourceQuality "1"]
[TimeControl "5400+30"]

1. e4 c5 2. Nf3 Nc6 3. d4 cxd4 4. Nxd4 Qb6 5. Nb3 e6 6. g3 Nf6 7. Bg2 Be7 8. O-O O-O 9. Nc3 a6 10. Be3 Qc7 11. f4 d5 12. exd5 Rd8 13. Nd4 exd5 14. Kh1 Na5 15. Bg1 b5 16. Nce2 Nc4 17. b3 Nd6 18. a4 b4 19. Rc1 Nde4 20. Qd3 Bb7 21. c3 Qd7 22. Nf3 a5 23. Ne5 Qe8 24. cxb4 Bxb4 25. Nd4 Rdc8 26. Nb5 Rxc1 27. Rxc1 Rc8 28. Qd1 h5 29. Bd4 Qe6 30. Nd3 Bf8 31. Qe1 h4 32. gxh4 Rxc1 33. Qxc1 Qg4 34. Qe1 Nh5 35. h3 Qc8 36. Nc3 Ba6 37. Nxe4 dxe4 38. Nf2 Nxf4 39. Bxe4 Ne2 40. Be5 Qc5 41. Ng4 f6 0-1

[Event "Hunan Belt and Road Open 2019"]
[Site "Hunan"]
[Date "2019.07.29"]
[Round "1.19"]
[White "Sethuraman, S.P."]
[Black "Zhao, Yuanhe"]
[Result "1/2-1/2"]
[ECO "C42"]
[WhiteElo "2630"]
[BlackElo "2448"]
[Annotator "ChessBase"]
[PlyCount "80"]
[EventDate "2019.07.29"]
[EventType "swiss"]
[EventCountry "CHN"]
[SourceTitle "playchess.com"]
[Source "ChessBase"]
[SourceQuality "1"]
[TimeControl "5400+30"]

1. e4 e5 2. Nf3 Nf6 3. Nxe5 d6 4. Nf3 Nxe4 5. Nc3 Nxc3 6. dxc3 Nc6 7. Be3 Be7 8. Bd3 Bg4 9. h3 Bh5 10. Be4 Qd7 11. Qd5 Bg6 12. Bxg6 hxg6 13. O-O-O Qf5 14. Qb3 O-O-O 15. Rd5 Qe6 16. Re1 Rh5 17. c4 Qd7 18. Kb1 a6 19. Nd2 Qe6 20. Nf3 Qd7 21. Bd2 Bf6 22. Bc3 Bxc3 23. Qxc3 f6 24. Rdd1 Qf7 25. b3 Rhh8 26. Re3 Rde8 27. Rde1 g5 28. Qd3 Qd7 29. Qg6 Ne5 30. Qe4 Re7 31. Qd4 Kb8 32. Nd2 Rhe8 33. Ne4 Qf5 34. Qd5 Qd7 35. Nc3 Qc6 36. Kc1 Qd7 37. Qd2 Nc6 38. Nd5 Rxe3 39. Rxe3 Re5 40. Qd3 Ne7 1/2-1/2

[Event "Hunan Belt and Road Open 2019"]
[Site "Hunan"]
[Date "2019.07.29"]
[Round "1.20"]
[White "Xiang, Zeyu"]
[Black "Deac, Bogdan-Daniel"]
[Result "1/2-1/2"]
[ECO "D51"]
[WhiteElo "2447"]
[BlackElo "2621"]
[Annotator "ChessBase"]
[PlyCount "118"]
[EventDate "2019.07.29"]
[EventType "swiss"]
[EventCountry "CHN"]
[SourceTitle "playchess.com"]
[Source "ChessBase"]
[SourceQuality "1"]
[TimeControl "5400+30"]

1. d4 Nf6 2. c4 e6 3. Nf3 d5 4. Nc3 c6 5. Bg5 h6 6. Bh4 Nbd7 7. e3 g5 8. Bg3 Nh5 9. Be5 Nhf6 10. Bd3 Nxe5 11. Nxe5 Nd7 12. Nxd7 Bxd7 13. h4 Bg7 14. Qh5 Qf6 15. Rh3 Rf8 16. cxd5 exd5 17. Rf3 Qe7 18. Bf5 Bxf5 19. Rxf5 Bxd4 20. hxg5 hxg5 21. Qxg5 Rh8 22. Qxe7+ Kxe7 23. Ke2 Bf6 24. e4 Ke6 25. g4 d4 26. Na4 b6 27. Rc1 Rac8 28. b3 Rh4 29. Rg1 Rg8 30. Rc1 c5 31. Nxc5+ bxc5 32. Rcxc5 Bd8 33. Rce5+ Kd6 34. Rd5+ Ke7 35. Rfe5+ Kf6 36. Rf5+ Kg6 37. Kf3 Rh3+ 38. Kg2 Rd3 39. Rd7 Re8 40. e5 Be7 41. Rxa7 Rd2 42. Rd7 Rxa2 43. Rxd4 Rb2 44. Rdf4 Rf8 45. Rf3 Re2 46. R3f4 Bh4 47. Kh3 Bd8 48. Rc4 Re8 49. Rc8 Rd2 50. Rf6+ Bxf6 51. Rxe8 Bg5 52. e6 Rxf2 53. Kg3 Rb2 54. Rg8+ Kf6 55. exf7 Rxb3+ 56. Kg2 Rb2+ 57. Kf3 Rb3+ 58. Kg2 Rb2+ 59. Kf3 Rb3+ 1/2-1/2

[Event "Hunan Belt and Road Open 2019"]
[Site "Hunan"]
[Date "2019.07.29"]
[Round "1.21"]
[White "Lu, Shanglei"]
[Black "Munkhgal, Gombosuren"]
[Result "1-0"]
[ECO "C02"]
[WhiteElo "2619"]
[BlackElo "2442"]
[Annotator "ChessBase"]
[PlyCount "97"]
[EventDate "2019.07.29"]
[EventType "swiss"]
[EventCountry "CHN"]
[SourceTitle "playchess.com"]
[Source "ChessBase"]
[SourceQuality "1"]
[TimeControl "5400+30"]

1. e4 e6 2. d4 d5 3. e5 c5 4. c3 Nc6 5. Nf3 Qb6 6. a3 Nh6 7. b4 cxd4 8. cxd4 Nf5 9. Bb2 Bd7 10. g4 Nfe7 11. Nc3 Na5 12. Na4 Qc6 13. bxa5 Qxa4 14. Qxa4 Bxa4 15. Bc3 Rc8 16. Kd2 Ng6 17. Rb1 Rc7 18. Bb5+ Bxb5 19. Rxb5 h5 20. g5 a6 21. Rb3 Kd7 22. Rhb1 Kc8 23. Bb4 Bxb4+ 24. axb4 Kb8 25. b5 axb5 26. Rxb5 Ka7 27. Ne1 Nf8 28. Nc2 Nd7 29. Na3 Rhc8 30. R5b2 Ka6 31. Nb5 Rc6 32. Nd6 R8c7 33. Rxb7 Rxb7 34. Rxb7 Rxd6 35. Rc7 Nxe5 36. dxe5 Rd8 37. Rxf7 Kxa5 38. Rxg7 Rf8 39. Ke3 d4+ 40. Kxd4 Rxf2 41. Kc5 Rc2+ 42. Kd6 Rxh2 43. Rh7 Kb6 44. Kxe6 h4 45. g6 Kc6 46. g7 Rg2 47. Kf7 Rf2+ 48. Kg8 Kd7 49. Kh8 1-0

[Event "Hunan Belt and Road Open 2019"]
[Site "Hunan"]
[Date "2019.07.29"]
[Round "1.22"]
[White "Wang, Yiye"]
[Black "Narayanan.S.L"]
[Result "0-1"]
[ECO "A29"]
[WhiteElo "2440"]
[BlackElo "2616"]
[Annotator "ChessBase"]
[PlyCount "98"]
[EventDate "2019.07.29"]
[EventType "swiss"]
[EventCountry "CHN"]
[SourceTitle "playchess.com"]
[Source "ChessBase"]
[SourceQuality "1"]
[TimeControl "5400+30"]

1. c4 Nf6 2. Nc3 e5 3. Nf3 Nc6 4. g3 d5 5. cxd5 Nxd5 6. Bg2 Bc5 7. O-O O-O 8. d3 h6 9. Nxd5 Qxd5 10. Bd2 Qd6 11. Bc3 Rd8 12. Nd2 Be6 13. Qa4 Nd4 14. Bxd4 Qxd4 15. Qc2 Bd6 16. Nc4 c6 17. Nxd6 Rxd6 18. Qc3 a5 19. Rfc1 Ra6 20. Qxd4 Rxd4 21. a3 Rb6 22. Rc2 f6 23. Kf1 Rd8 24. Ke1 Rb5 25. Kd2 f5 26. Ke1 Kf7 27. a4 Rb4 28. Rc5 Kf6 29. Rxa5 Rxb2 30. Rc5 Ra8 31. a5 Ra6 32. Rc3 Ke7 33. Rca3 Kd6 34. Bf3 g5 35. e3 Bb3 36. Be2 Ra7 37. Bf3 g4 38. Be2 Kc5 39. e4 fxe4 40. dxe4 h5 41. Bd1 Bxd1 42. Rxd1 Kb4 43. Rda1 Ra6 44. R3a2 Rxa2 45. Rxa2 Kb3 46. Rd2 Rxa5 47. Rd7 b5 48. Rc7 Ra6 49. Re7 b4 0-1

[Event "Hunan Belt and Road Open 2019"]
[Site "Hunan"]
[Date "2019.07.29"]
[Round "1.23"]
[White "Zhou, Jianchao"]
[Black "Zou, Chen"]
[Result "1/2-1/2"]
[ECO "D37"]
[WhiteElo "2608"]
[BlackElo "2440"]
[Annotator "ChessBase"]
[PlyCount "81"]
[EventDate "2019.07.29"]
[EventType "swiss"]
[EventCountry "CHN"]
[SourceTitle "playchess.com"]
[Source "ChessBase"]
[SourceQuality "1"]
[TimeControl "5400+30"]

1. d4 Nf6 2. c4 e6 3. Nf3 d5 4. Nc3 Be7 5. Bf4 O-O 6. e3 Nbd7 7. c5 Nh5 8. Bd3 Nxf4 9. exf4 b6 10. b4 a5 11. a3 c6 12. O-O Qc7 13. g3 Ba6 14. Bxa6 Rxa6 15. Qe2 Rfa8 16. Rab1 axb4 17. axb4 Ra3 18. Rfc1 Bf6 19. Nd1 Ra2 20. Rc2 Rxc2 21. Qxc2 bxc5 22. bxc5 Qa7 23. Ne3 h5 24. h4 Rb8 25. Rxb8+ Nxb8 26. f5 e5 27. dxe5 Bxe5 28. Qe2 Nd7 29. Nxd5 cxd5 30. c6 Bf6 31. Qe8+ Nf8 32. Qc8 Be5 33. Nxe5 Qa1+ 34. Kg2 Qxe5 35. c7 Qe4+ 36. Kg1 Qe1+ 37. Kg2 Qe4+ 38. Kg1 Qe1+ 39. Kg2 Qe4+ 40. Kh2 Qe2 41. Kg2 1/2-1/2

[Event "Hunan Belt and Road Open 2019"]
[Site "Hunan"]
[Date "2019.07.29"]
[Round "1.24"]
[White "Li, Yankai"]
[Black "Oleksiyenko, Mykhaylo"]
[Result "1/2-1/2"]
[ECO "E01"]
[WhiteElo "2439"]
[BlackElo "2600"]
[Annotator "ChessBase"]
[PlyCount "43"]
[EventDate "2019.07.29"]
[EventType "swiss"]
[EventCountry "CHN"]
[SourceTitle "playchess.com"]
[Source "ChessBase"]
[SourceQuality "1"]
[TimeControl "5400+30"]

1. d4 Nf6 2. c4 e6 3. g3 c5 4. Nf3 cxd4 5. Nxd4 d5 6. Bg2 e5 7. Nb3 d4 8. O-O Nc6 9. f4 Be7 10. Bxc6+ bxc6 11. fxe5 Ng4 12. Qxd4 O-O 13. Nc3 Qxd4+ 14. Nxd4 Bc5 15. e3 Nxe5 16. Ne4 Bxd4 17. exd4 Nxc4 18. b3 Nb6 19. Ba3 Rd8 20. Nd6 Be6 21. Rac1 Bd5 22. Nf5 1/2-1/2

[Event "Hunan Belt and Road Open 2019"]
[Site "Hunan"]
[Date "2019.07.29"]
[Round "1.25"]
[White "Ju, Wenjun"]
[Black "Raja Harshit"]
[Result "1/2-1/2"]
[ECO "D30"]
[WhiteElo "2595"]
[BlackElo "2434"]
[Annotator "ChessBase"]
[PlyCount "144"]
[EventDate "2019.07.29"]
[EventType "swiss"]
[EventCountry "CHN"]
[SourceTitle "playchess.com"]
[Source "ChessBase"]
[SourceQuality "1"]
[TimeControl "5400+30"]

1. d4 Nf6 2. c4 e6 3. Nf3 d5 4. e3 c5 5. cxd5 exd5 6. Bb5+ Nbd7 7. dxc5 Bxc5 8. O-O O-O 9. Nc3 Nb6 10. b3 Bg4 11. Bb2 Qe7 12. Ne2 a6 13. Bd3 Ne4 14. h3 Bh5 15. Kh1 Ba3 16. Bd4 Bc5 17. Bxc5 Qxc5 18. Nfd4 Rac8 19. f3 Nf6 20. Qd2 Bg6 21. Rac1 Qa3 22. Nf4 Rfe8 23. Kg1 Bxd3 24. Nxd3 Nbd7 25. Rfe1 h6 26. Nf4 Qd6 27. Rxc8 Rxc8 28. Nf5 Qe5 29. Nxd5 Nxd5 30. Qxd5 Qxd5 31. Ne7+ Kh7 32. Nxd5 Rc2 33. Rd1 Ne5 34. Nb4 Re2 35. Rd5 Ng6 36. Rd7 Nh4 37. Kf1 Rb2 38. Rxf7 Nxg2 39. Nd5 Nh4 40. e4 Rxa2 41. e5 Rd2 42. Nc7 Rd3 43. e6 Ng6 44. Ne8 Kg8 45. Rxb7 Rxf3+ 46. Ke2 Rxh3 47. Nxg7 Nf4+ 48. Kd2 Rd3+ 49. Kc2 Nxe6 50. Nxe6 Rd6 51. Nf4 Rf6 52. Nd5 Re6 53. Kd3 h5 54. Nf4 Rh6 55. Ke4 h4 56. Nh3 a5 57. Kf5 Ra6 58. Nf4 a4 59. Nh5 h3 60. bxa4 h2 61. Rb1 Rxa4 62. Nf6+ Kf8 63. Rh1 Kf7 64. Ng4 Ra2 65. Nxh2 Ra5+ 66. Kg4 Ke6 67. Nf3 Ra4+ 68. Kg3 Kd5 69. Rd1+ Ke6 70. Rd3 Kf5 71. Re3 Rg4+ 72. Kf2 Ra4 1/2-1/2

[Event "Hunan Belt and Road Open 2019"]
[Site "Hunan"]
[Date "2019.07.29"]
[Round "1.26"]
[White "Batsiashvili, Nino"]
[Black "Wen, Yang"]
[Result "1/2-1/2"]
[ECO "E39"]
[WhiteElo "2433"]
[BlackElo "2586"]
[Annotator "ChessBase"]
[PlyCount "64"]
[EventDate "2019.07.29"]
[EventType "swiss"]
[EventCountry "CHN"]
[SourceTitle "playchess.com"]
[Source "ChessBase"]
[SourceQuality "1"]
[TimeControl "5400+30"]

1. d4 Nf6 2. c4 e6 3. Nc3 Bb4 4. Qc2 c5 5. dxc5 O-O 6. Nf3 Na6 7. g3 Nxc5 8. Bg2 Nce4 9. O-O Bxc3 10. bxc3 Qc7 11. Ng5 Nc5 12. Ba3 Rb8 13. Rad1 b6 14. Ne4 Nfxe4 15. Bxe4 f5 16. Bg2 Rf7 17. Rd4 Ba6 18. Rfd1 e5 19. Rd6 Bxc4 20. Bxc5 bxc5 21. Bd5 Bxd5 22. R6xd5 Rb6 23. Qd2 Ra6 24. e3 g6 25. Rxd7 Rxd7 26. Qxd7 Qxd7 27. Rxd7 Rxa2 28. Rd5 c4 29. Rxe5 Ra3 30. Re7 a5 31. Ra7 Rxc3 32. Rxa5 Rc2 1/2-1/2

[Event "Hunan Belt and Road Open 2019"]
[Site "Hunan"]
[Date "2019.07.29"]
[Round "1.27"]
[White "Xu, Xiangyu"]
[Black "Fang, Yan"]
[Result "1/2-1/2"]
[ECO "E09"]
[WhiteElo "2585"]
[BlackElo "2424"]
[Annotator "ChessBase"]
[PlyCount "106"]
[EventDate "2019.07.29"]
[EventType "swiss"]
[EventCountry "CHN"]
[SourceTitle "playchess.com"]
[Source "ChessBase"]
[SourceQuality "1"]
[TimeControl "5400+30"]

1. Nf3 Nf6 2. g3 d5 3. Bg2 e6 4. d4 Be7 5. c4 O-O 6. Qc2 c6 7. Nbd2 Nbd7 8. O-O b6 9. b3 Bb7 10. Bb2 Rc8 11. Rad1 Qc7 12. e4 Rfd8 13. Rfe1 h6 14. e5 Ne8 15. cxd5 cxd5 16. Qb1 Ba6 17. a3 Qb7 18. h4 Rc6 19. Re3 Rdc8 20. Ne1 Bb5 21. Ndf3 a5 22. h5 Nf8 23. Rd2 a4 24. b4 Nc7 25. Qd1 Nh7 26. Rc2 Rxc2 27. Qxc2 Ne8 28. Qd1 Qd7 29. Nd2 Kh8 30. f4 f5 31. exf6 Bxf6 32. Bh3 Nf8 33. Nef3 Nd6 34. Ne5 Qc7 35. Rc3 Qd8 36. Nb1 Bxe5 37. dxe5 Ne4 38. Re3 Bc4 39. Nd2 Nxd2 40. Qxd2 Qe8 41. Bg4 Bb3 42. Bc3 Qb5 43. f5 exf5 44. Bxf5 d4 45. Bxc8 dxe3 46. Qxe3 Ne6 47. Bb7 Bd5 48. Bxd5 Qxd5 49. Qxb6 Qd1+ 50. Kf2 Qc2+ 51. Kg1 Qd1+ 52. Kf2 Qc2+ 53. Kg1 Qd1+ 1/2-1/2

[Event "Hunan Belt and Road Open 2019"]
[Site "Hunan"]
[Date "2019.07.29"]
[Round "1.28"]
[White "Xie, Jianjun"]
[Black "Xu, Yinglun"]
[Result "1/2-1/2"]
[ECO "B22"]
[WhiteElo "2417"]
[BlackElo "2562"]
[Annotator "ChessBase"]
[PlyCount "72"]
[EventDate "2019.07.29"]
[EventType "swiss"]
[EventCountry "CHN"]
[SourceTitle "playchess.com"]
[Source "ChessBase"]
[SourceQuality "1"]
[TimeControl "5400+30"]

1. e4 c5 2. c3 d5 3. exd5 Qxd5 4. d4 e6 5. Nf3 Nf6 6. Na3 Nc6 7. Be3 cxd4 8. Nb5 Qd7 9. Nbxd4 a6 10. Bd3 Bc5 11. O-O Nxd4 12. cxd4 Be7 13. Ne5 Qd5 14. Bc4 Qd6 15. Bf4 Qd8 16. Re1 O-O 17. Bg5 Bd7 18. Qf3 Bc6 19. Nxc6 bxc6 20. Qxc6 Qxd4 21. Bxa6 Qxb2 22. a4 Nd5 23. Bxe7 Nxe7 24. Qb7 Rfb8 25. Qxb2 Rxb2 26. Reb1 Rxb1+ 27. Rxb1 Kf8 28. Bb5 Nd5 29. Bc6 Ra5 30. Rb8+ Ke7 31. Rb7+ Kd6 32. Bb5 Nc7 33. g3 g5 34. Rb6+ Ke7 35. Rb7 Kd6 36. Rb6+ Kd5 1/2-1/2

[Event "Hunan Belt and Road Open 2019"]
[Site "Hunan"]
[Date "2019.07.29"]
[Round "1.29"]
[White "Zeng, Chongsheng"]
[Black "Chen, Qi b"]
[Result "1/2-1/2"]
[ECO "C54"]
[WhiteElo "2551"]
[BlackElo "2414"]
[Annotator "ChessBase"]
[PlyCount "160"]
[EventDate "2019.07.29"]
[EventType "swiss"]
[EventCountry "CHN"]
[SourceTitle "playchess.com"]
[Source "ChessBase"]
[SourceQuality "1"]
[TimeControl "5400+30"]

1. e4 e5 2. Nf3 Nc6 3. Bc4 Bc5 4. c3 Nf6 5. d3 d6 6. a4 a5 7. O-O O-O 8. Na3 h6 9. Re1 Be6 10. Bxe6 fxe6 11. Qb3 Qd7 12. Nc2 Bb6 13. Qb5 Ne7 14. Na3 Bc5 15. Qxd7 Nxd7 16. Nc4 Nb6 17. Ncd2 Nd7 18. Re2 Nc6 19. Nb3 Bb6 20. Bd2 Nc5 21. Nxc5 Bxc5 22. Be1 Rf7 23. Nd2 g5 24. h3 Raf8 25. g3 Kh7 26. Kg2 h5 27. Rd1 Bb6 28. Nc4 Ba7 29. Na3 Rf3 30. Nb5 Bb6 31. d4 Kg6 32. Re3 R3f7 33. Re2 Rf3 34. d5 exd5 35. exd5 Nb8 36. Na3 Nd7 37. Nc4 R3f7 38. b4 Ra8 39. Rb1 axb4 40. a5 Bc5 41. cxb4 Bd4 42. Na3 Nf6 43. Nb5 Nxd5 44. Rd1 Rf5 45. Nxd4 exd4 46. Rxd4 c5 47. bxc5 dxc5 48. Rc4 Ra6 49. Re8 b5 50. axb6 Rxb6 51. Rg8+ Kf7 52. Rc8 Rb1 53. Re4 Rb7 54. Rh8 Nf6 55. Ra4 Re7 56. Bd2 Re8 57. Ra7+ Kg6 58. Rxe8 Nxe8 59. Ra6+ Rf6 60. Ra5 Rc6 61. Be3 Nd6 62. Ra8 Nf7 63. Kf3 c4 64. Ke2 c3 65. Ra5 c2 66. Bc1 h4 67. gxh4 gxh4 68. Ra4 Re6+ 69. Kd3 Rf6 70. Rg4+ Kh5 71. f4 Rc6 72. Rg7 Rc7 73. Rh7+ Kg6 74. Rxh4 Nh6 75. Kd2 Rc6 76. Ba3 Rc8 77. Kc1 Rc6 78. Bb2 Rc8 79. f5+ Nxf5 80. Re4 Rc5 1/2-1/2